 Dungeon Crawl Stone Soup version 0.28.0-43-g3370ac3207 (webtiles) character file.

Game seed: 3220997673336904372

2099 DasRunzen the Ducker (level 9, -5/66 HPs)
             Began as a Djinni Fire Elementalist on Mar 9, 2022.
             Was a Believer of Qazlal.
             Shot with an arrow by a centaur (9 damage)
             ... on level 7 of the Dungeon.
             The game lasted 00:16:53 (8719 turns).

DasRunzen the Ducker (Djinni Fire Elementalist)     Turns: 8719, Time: 00:16:53

Health: -5/66      AC:  2    Str:  7    XL:     9   Next: 52%
Gold:   592        EV: 14    Int: 22    God:    Qazlal [**....] SH:  2 Dex: 13

rFire   + + .      SeeInvis .   y - +2 spear (venom)
rCold   x . .      Faith    .   (no shield)
rNeg    + . .      Spirit   .   a - +0 robe
rPois   ∞          Reflect  .   (no helmet)
rElec   .          Harm     .   (no cloak)
rCorr   .          Rampage  .   (no gloves)
Will    .....                   (boots unavailable)
Stlth   ++........              (no amulet)
HPRegen 0.21/turn               l - ring of positive energy
MPRegen 0.00/turn               (no ring)

@: flying
A: sickness immunity, fire resistance 2, cold vulnerability 1, float, innate
caster, HP casting, extra vitality 1
a: Renounce Religion, Upheaval


You were on level 7 of the Dungeon.
You worshipped Qazlal.
Qazlal was pleased with you.
You visited 2 branches of the dungeon, and saw 9 of its levels.
You also visited: Ossuary.

You collected 592 gold pieces.

Inventory:

Hand Weapons
 y - a +2 spear of venom (weapon)
Missiles
 x - a throwing net
Armour
 a - a +0 robe (worn)
Jewellery
 l - a ring of positive energy (left hand)
Wands
 q - a wand of charming (16)
 w - a wand of flame (9)
Scrolls
 c - a scroll of fear {unknown}
 d - a scroll of silence {unknown}
 h - 4 scrolls of teleportation {unknown}
 i - 3 scrolls of magic mapping {unknown}
 k - a scroll of amnesia {unknown}
 n - a scroll of blinking {unknown}
 r - 3 scrolls of immolation {unknown}
 t - a scroll of noise {unknown}
 u - a scroll of fog {unknown}
Potions
 b - 3 potions of heal wounds
 e - 3 potions of invisibility
 f - 7 potions of curing
 g - 2 potions of cancellation
 j - 2 potions of mutation
 m - a potion of haste
 o - 3 potions of ambrosia
 p - 2 potions of might
 s - 2 potions of attraction {unknown}
 v - a potion of lignification {unknown}
 z - a potion of resistance {unknown}


   Skills:
 + Level 5.8 Fighting
 + Level 5.8 Armour
 + Level 6.8 Dodging
 - Level 1.5 Stealth
 + Level 5.2 Spellcasting


You couldn't memorise any spells.
You knew the following spells:

 Your Spells              Type           Power      Damage    Failure   Level
a - Foxfire               Conj/Fire      100%       2x1d9     1%          1
b - Scorch                Fire           56%        2d8       1%          2
c - Conjure Flame         Conj/Fire      28%        6-21      3%          3
d - Inner Flame           Hex/Fire       28%        N/A       3%          3
e - Flame Wave            Conj/Fire      28%        2d8       12%         4
f - Slow                  Hex            100%       N/A       1%          1
g - Ensorcelled Hibernat  Hex/Ice        56%        N/A       1%          2
h - Call Imp              Summ           28%        N/A       1%          2
i - Airstrike             Air            14%        N/A       12%         4
Your spell library was empty.

Dungeon Overview and Level Annotations

Branches:
Dungeon (8/15)             Temple (1/1) D:4         Ossuary (visited)
   Lair: D:8-11

Altars:
Ashenzari
Cheibriados
Dithmenos
Elyvilon
Fedhas
Gozag
Hepliaklqana
Kikubaaqudgha
Makhleb
Nemelex Xobeh
Qazlal
Ru
Sif Muna
Trog
Uskayaw
Vehumet
Wu Jian
Xom
Yredelemnul
Zin
The Shining One

Annotations:
D:5 2 transporters, fly's ghost, weakling FoDe


Innate Abilities, Weirdness & Mutations

You are immune to sickness and miasma.
You are immune to poison.
Your flesh is very heat resistant. (rF++)
You are vulnerable to cold. (rC-)
You float through the air rather than walking.
You learn spells naturally, not from books.
Your magical power is your life essence.
You have superior vitality. (+4 MHP)


Message History

z - a golden potion
s - 2 bubbling emerald potions (gained 1)
You reach down and open the door.
There is an open door here.
Found a stone staircase leading up.
Done exploring.
Done exploring.
Okay, then.
(D) Dungeon (T) Temple
Where to? (Enter - D:7, ? - help)
There is a stone staircase leading down here.
You fly downwards.
The centaur shouts!
The orc shouts!
You hear a shout!
Found a scroll of identify.
There is a stone staircase leading up here.
There are monsters nearby!
You hear a shout! x2
The centaur hits you. The centaur closely misses you.
The skeletal warrior hits you with a +0 broad axe!
You hear a shout!
You fly upwards.
There is a stone staircase leading down here.
The centaur wields a +0 shortbow.
The centaur shoots an arrow.
The arrow hits you.
The centaur shoots an arrow.
The arrow hits you!
The centaur shoots an arrow.
The arrow hits you!
The centaur shoots an arrow.
The arrow hits you!
* * * LOW HITPOINT WARNING * * *
The centaur shoots an arrow.
The arrow completely misses you.
The centaur shoots an arrow.
The arrow hits you!
* * * LOW HITPOINT WARNING * * *
The centaur shoots an arrow.
The arrow closely misses you.
There is an open door here.
There is an escape hatch in the floor here.
The centaur shoots an arrow.
The arrow hits you.
* * * LOW HITPOINT WARNING * * *
The centaur shoots an arrow.
The arrow barely misses you.
The centaur shoots an arrow.
You block the arrow.
The centaur shoots an arrow.
The arrow hits you!
You die...

#.# #...###########)# #.#
###.####### #.#### #.#
##..:....#####..##. #####.#
#........'...##.##.
#...#.####........###.##'##'
#........#........###.#.....
#...#........zc......>'.....
#.......<#...○...####.#.[...
#####....#...##@####.# #.#.....
##........#......#....# #.#c#.##
#..[........###..#.#..# #.#.#..#
#...........+.#..#+#..####.#.##.#
#...........#..............#.##.#
#.#############.#..........#.....
#.# #.#..........#...[. #.######
#.#.........##..... #.##...#
####'#.)#########.....


You could see a skeletal warrior and a centaur.

Vanquished Creatures
  Pikel (D:7)
  A water moccasin (D:7)
  An orc warrior (D:7)
  An ice beast (D:7)
  2 ogres
  A hornet zombie (D:6)
  A centaur (D:5)
  4 lemures (D:7)
  2 kobold brigands (D:7)
  A phantom (D:7)
  A bullfrog (D:6)
  A howler monkey (D:7)
  A centaur zombie (D:5)
  A jelly (D:5)
  4 orc priests
  2 centaur skeletons
  A bullfrog skeleton (D:5)
  An iguana (D:6)
  A scorpion zombie (D:5)
  3 orc wizards
  8 mummies (Ossuary)
  4 gnolls (D:7)
  4 adders
  A shadow imp (D:6)
  A white imp (D:7)
  2 ufetubi
  An adder skeleton (D:4)
  A dart slug (D:4)
  21 orcs
  6 ball pythons
  6 bats
  6 endoplasms
  4 giant cockroaches
  4 goblins
  6 hobgoblins
  4 jackals (D:1)
  3 quokkas
  4 frilled lizards
  3 gnoll zombies (Ossuary)
  9 kobolds
  3 kobold zombies (Ossuary)
  2 orc zombies (Ossuary)
  A quokka skeleton (D:4)
  3 rats
138 creatures vanquished.

Vanquished Creatures (others)
  557 foxfires
557 creatures vanquished.

Grand Total: 695 creatures vanquished

Notes
Turn   | Place    | Note
-------+----------+-------------------------------------------
     0 | D:1      | DasRunzen the Djinni Fire Elementalist began the quest for
                  | the Orb.
     0 | D:1      | Reached XP level 1. HP: 15/15 MP: 0/0
    87 | D:1      | Found a faded altar of an unknown god.
   326 | D:1      | Reached XP level 2. HP: 19/22 MP: 0/0
  1318 | D:1      | Reached skill level 1 in Armour
  1318 | D:1      | Reached XP level 3. HP: 15/26 MP: 0/0
  1318 | D:1      | Learned a level 1 spell: Slow
  1599 | D:2      | Reached skill level 1 in Fighting
  1742 | D:2      | You are sucked into a shaft and drop 1 floor!
  1763 | D:2      | Reached XP level 4. HP: 16/32 MP: 0/0
  2267 | D:2      | Reached skill level 3 in Dodging
  3116 | D:3      | Found a blossoming altar of Fedhas.
  3696 | D:4      | Found a staircase to the Ecumenical Temple.
  3718 | Temple   | Entered the Ecumenical Temple
  3831 | Temple   | Became a worshipper of Qazlal Stormbringer
  4072 | D:4      | Reached XP level 5. HP: 31/38 MP: 0/0
  4072 | D:4      | Learned a level 2 spell: Ensorcelled Hibernation
  4272 | D:4      | Found a shadowy altar of Dithmenos.
  4555 | D:5      | Entered Level 5 of the Dungeon
  4569 | D:5      | Found a transporter.
  4575 | D:5      | Noticed fly's ghost (weakling FoDe)
  4642 | D:5      | Found a transporter.
  4835 | D:5      | Reached XP level 6. HP: 23/44 MP: 0/0
  5040 | D:5      | Noticed an ogre
  5046 | D:5      | Killed an ogre
  5047 | D:5      | Reached skill level 4 in Dodging
  5249 | D:5      | Reached XP level 7. HP: 46/50 MP: 0/0
  5249 | D:5      | Learned a level 2 spell: Call Imp
  5590 | D:6      | Found a hide-covered altar of Uskayaw.
  5590 | D:6      | Found a burning altar of Makhleb.
  5635 | D:6      | Found a sand-covered staircase.
  5652 | D:6      | Reached * piety under Qazlal
  5657 | Ossuary  | Entered an ossuary
  6283 | D:6      | Reached XP level 8. HP: 53/58 MP: 0/0
  6556 | D:6      | Reached skill level 5 in Dodging
  7395 | D:7      | Noticed Pikel
  7409 | D:7      | Killed Pikel
  7410 | D:7      | Reached skill level 5 in Fighting
  7410 | D:7      | Reached skill level 5 in Armour
  7410 | D:7      | Reached skill level 6 in Dodging
  7410 | D:7      | Reached XP level 9. HP: 20/65 MP: 0/0
  7410 | D:7      | Learned a level 4 spell: Airstrike
  7801 | D:7      | Reached ** piety under Qazlal
  7819 | D:7      | Reached skill level 5 in Spellcasting
  8693 | D:8      | Noticed a skeletal warrior
  8693 | D:8      | Noticed a skeletal warrior
  8694 | D:8      | Noticed a skeletal warrior
  8712 | D:7      | HP: 3/66 [centaur/arrow (6)]
  8719 | D:7      | Shot with an arrow by a centaur

Illustrated notes

Levels and vault maps discovered:
D:1:      psy_arrival_terrarium, layout_basic, shapermc_ecumenical_altar_venn,
          nrook_uturn
D:2:      wander_river, layout_basic
D:3:      layout_basic, mainiacjoe_overflow_divided_tiny,
          nicolae_concentric_dashed_squares_mild, kennysheep_generic_room_4
D:4:      layout_rooms, marbit_many_paths, minmay_temple_entry_wispy
D:5:      layout_cave_pools, gammafunk_ghost_stat_death
D:6:      layout_basic, chequers_temple_overflow_statue_of_worship,
          lightli_ossuary_entry_decrepit_ruins
D:7:      layout_basic, minmay_unpleasant_kobolds, uniq_pikel
D:8:      layout_basic, uniq_maggie
Temple:   eino_temple_scatter_basement

Skill      XL: |  1  2  3  4  5  6  7  8  9 |
---------------+----------------------------+-----
Armour         | 1 2 3 5 |  5.8
Fighting       | 1 2 3 5 |  5.8
Dodging        | 3 4 6 |  6.8
Spellcasting   | 3 4 5 |  5.2
Stealth        | |  1.5

Action                   |  1- 3 |  4- 6 |  7- 9 || total
-------------------------+-------+-------+-------++-------
Melee: Unarmed           |     1 |       |       ||     1
       Short sword       |       |     2 |     6 ||     8
       Spear             |       |       |     3 ||     3
 Cast: Foxfire           |    59 |   139 |   147 ||   345
       Scorch            |     6 |    14 |    30 ||    50
       Inner Flame       |       |       |    12 ||    12
  Use: Scroll            |     4 |     5 |     2 ||    11
Armor: Robe              |     3 |       |     9 ||    12
Dodge: Dodged            |     8 |     8 |    25 ||    41
Block: Other             |       |       |     2 ||     2
